[Event "GER-ch Youth-ODJM 2022"]
[Site "Willingen"]
[Date "2022.06.05"]
[Round "2.17"]
[White "Pick, Max"]
[Black "Terhuven, Patrick"]
[Result "0-1"]
[ECO "A46"]
[WhiteElo "1841"]
[BlackElo "2162"]
[Annotator "TA"]
[PlyCount "90"]
[EventDate "2022.06.05"]
[EventType "swiss"]
[EventRounds "9"]
[EventCountry "GER"]
[SourceTitle "playchess.com"]
[Source "ChessBase"]
[SourceQuality "1"]
[TimeControl "40/4500+30:900+30"]

1. d4 e6 2. Nf3 Nf6 3. Bg5 d5 4. Nbd2 Be7 5. e3 O-O 6. Bd3 Nbd7 7. O-O c5 8. c3 b6 (8... c4 $5 9. Bc2 b5 $11) 9. e4 {[%emt 0:00:00] D03: 1 d4 d5 2 Nf3 Nf6 3 Bg5, including Torre Attack with early ...d5.} dxe4 10. Nxe4 cxd4 11. Nxd4 {[%emt 0:00:00] Threatens to win with Nc6. The position is equal.} Bb7 {[%emt 0:00:00] Against Nc6} 12. Qc2 h6 13. Bh4 Nc5 {[%emt 0:00:48][%cal Rf6e4] [#]} 14. Nxc5 $146 ({Predecessor:} 14. Nxf6+ Bxf6 15. Bxf6 Qxf6 16. f4 Rfd8 17. Rae1 Nxd3 18. Qxd3 Rd5 19. Qg3 g6 20. Re3 {1-0 (37) Sultanbek,Z (1634)-Khomentovskaya,Y (1947) Pavlodar 2016}) 14... bxc5 15. Ne2 (15. Nf3 $11) 15... g5 $1 $17 16. Bg3 Qd5 $36 {[%emt 0:01:02][%csl Gb7][%cal Rd5g2][%mdl 2048] Black is in control.} 17. f3 c4 18. Be4 Nxe4 19. fxe4 Qxe4 20. Qxe4 Bxe4 21. Nd4 Bd5 {[%emt 0:05:35] This bishop pair is nice.} 22. b4 a5 (22... cxb3 $142 23. axb3 a5) 23. a3 (23. b5 $142) 23... Kg7 24. Bc7 ({White should try} 24. b5) 24... axb4 25. axb4 Rxa1 26. Rxa1 Ra8 27. Rxa8 Bxa8 {[%emt 0:00:03][%mdl 4096] Endgame KBB-KBN} 28. Kf2 Bd5 29. Nc2 Bf6 30. Ne3 {[%emt 0:36:54] [#]} (30. Nd4 $17 {is a better defense.}) 30... Kf8 $1 $19 ({Stronger than} 30... Bxc3 31. Nxd5 exd5 32. b5 $17) 31. b5 Ke8 ({Not} 31... Bxc3 32. Nxd5 exd5 33. b6 $14) 32. Ba5 Be5 33. h3 f5 34. g4 $2 {[%emt 0:01:16] [#]} (34. Nd1) 34... f4 $1 35. Nxd5 (35. Nd1 $142 Kd7 36. Nb2) 35... exd5 {[%emt 0:00:08] KB-KB} 36. b6 Kd7 37. Bb4 Kc6 38. Kf3 Kxb6 {[%emt 0:01:24] Hoping for ...Kb5.} 39. Bf8 Bxc3 40. Bxh6 Bf6 {[%emt 0:01:06] aiming for ...c3.} 41. h4 c3 {[%emt 0:18:17] Black mates.} 42. hxg5 c2 43. gxf6 c1=Q 44. f7 Qe3+ 45. Kg2 f3+ {[%emt 0:00:08] Weighted Error Value: White=0.93/Black=0.05 (flawless)} 0-1

[Event "GER-ch Youth-ODJM 2022"]
[Site "Willingen"]
[Date "2022.06.05"]
[Round "2.18"]
[White "Sabirov, Ramil"]
[Black "Kamp, Aaron"]
[Result "1-0"]
[ECO "A40"]
[WhiteElo "2130"]
[BlackElo "1790"]
[Annotator "TA"]
[PlyCount "115"]
[EventDate "2022.06.05"]
[EventType "swiss"]
[EventRounds "9"]
[EventCountry "GER"]
[SourceTitle "playchess.com"]
[Source "ChessBase"]
[SourceQuality "1"]
[TimeControl "40/4500+30:900+30"]

1. d4 b5 2. e4 Bb7 3. Bxb5 Bxe4 4. Nf3 Nf6 5. O-O e6 6. c4 Be7 {[%emt 0:00:00] A40: Unusual replies to 1 d4.} 7. Nc3 c6 8. Ba4 O-O {[%emt 0:01:31] [#] White is better.} 9. Bf4 $146 ({Predecessor:} 9. Nxe4 Nxe4 10. d5 Qa5 11. dxe6 fxe6 12. Bc2 d5 13. Qe2 Bf6 14. Bxe4 dxe4 15. Qxe4 {1-0 (47) Scarella,E (2365)-Bulcourf,C (2146) Villa Ballester 2008}) 9... Qa5 10. Ne5 d6 11. Nxe4 (11. Ng4 {looks sharper.} Bg6 12. Nxf6+ Bxf6 13. Bxd6 Rd8 14. c5) 11... dxe5 12. Nxf6+ Bxf6 13. dxe5 Bxe5 14. b4 Qc7 15. Bxe5 Qxe5 16. Qf3 Qc7 17. Rfd1 $36 {[%emt 0:02:39][%mdl 2048] Black is under strong pressure.} Rc8 ({Black should try} 17... a6) 18. c5 $16 {[%emt 0:09:17] White is more active.} Nd7 (18... h6 $16 19. Rab1 Nd7) 19. Rd6 $18 Rab8 20. Qd1 ({But not} 20. Bxc6 $2 Ne5 21. Qd1 Nxc6 $19) (20. Qxc6 $6 Qxc6 21. Bxc6 Ne5 $14) 20... Nf6 21. Rxc6 Qf4 22. Rxc8+ Rxc8 {[%emt 0:00:15] [#]} 23. a3 $2 ({And not} 23. Bd7 Rd8 24. g3 Qc7 $11) ({White has to play} 23. Qe1 $1 $18) 23... Ng4 $11 24. Ra2 (24. h3 $11 {keeps the balance.} Qh2+ 25. Kf1 Qh1+ 26. Ke2 Qxg2 27. hxg4 Qe4+ 28. Kf1 Qh1+ 29. Ke2 Qe4+ 30. Kf1 Qh1+ 31. Ke2 Qe4+) 24... Qxh2+ $17 25. Kf1 Qh1+ 26. Ke2 Qxg2 27. Qd4 e5 28. Qd7 (28. Bc6 $17 Qxc6 29. Qxg4) 28... Qxf2+ 29. Kd3 e4+ 30. Kc3 Qf6+ 31. Qd4 Qf3+ 32. Kc4 $2 {[%emt 0:00:18] [#]} (32. Kb2) 32... Ne5+ $1 $19 33. Kb5 Qf1+ 34. Ka5 Nc4+ 35. Ka6 {[%emt 0:00:36] And now Bb5 would win.} Nxa3+ {[%emt 0:02:13][%mdl 8192] [#]} (35... Nd6+ $1 $19 {and all is fine.} 36. b5 Rc6+ 37. Ka5 Nb7+ 38. Kb4 Rxc5) 36. Kb7 $1 $18 {[%emt 0:00:21] White now steadily converts the win. White is clearly winning.} Qh3 (36... Qc4 $2 37. Qxc4 Nxc4 38. Kxc8) (36... Rf8 $142) 37. Bd7 Rd8 38. Bxh3 {[%emt 0:01:03][%cal Rd4d8][%mdl 64] Discovered Attack} Rxd4 39. Rxa3 Rxb4+ 40. Kxa7 {[%emt 0:01:08][%mdl 4096] Endgame aiming for c6. KRB-KR} Rc4 41. Kb6 (41. c6 $142 f5 42. Kb6 (42. Bxf5 Rxc6 43. Bxe4 Rc1 $11)) 41... g5 42. c6 h5 43. Bf5 Kg7 44. c7 Kf6 45. Ra5 e3 46. c8=Q Rxc8 47. Bxc8 e2 48. Rf5+ Kg6 49. Re5 g4 50. Kc5 g3 51. Bh3 f5 52. Rxe2 Kg5 53. Kd4 f4 54. Ke4 Kh4 55. Bg2 {[%emt 0:00:00] White threatens Kf5 and mate.} Kg4 56. Ra2 h4 57. Ra8 {[%emt 0:00:00] Intending Rg8+ and mate.} f3 58. Rg8+ {[%emt 0:00:00] Weighted Error Value: White=0.47/Black=0.53} 1-0

[Event "GER-ch Youth-ODJM 2022"]
[Site "Willingen"]
[Date "2022.06.05"]
[Round "2.19"]
[White "Kliashtornyi, Arkadii"]
[Black "Savchenko, Daniel"]
[Result "0-1"]
[ECO "D02"]
[WhiteElo "1755"]
[BlackElo "2134"]
[Annotator "TA"]
[PlyCount "82"]
[EventDate "2022.06.05"]
[EventType "swiss"]
[EventRounds "9"]
[EventCountry "GER"]
[SourceTitle "playchess.com"]
[Source "ChessBase"]
[SourceQuality "1"]
[TimeControl "40/4500+30:900+30"]

1. d4 d5 2. Nf3 Nf6 3. g3 e6 4. Bg2 Be7 5. c4 c6 6. O-O O-O 7. Qc2 b6 8. Nbd2 Nbd7 9. e4 Ba6 {[%emt 0:00:00] 9...dxc4 is the modern continuation.} 10. e5 {[%emt 0:00:00] E09: Closed Catalan: Main Line: 7 Qc2 c6 8 Nbd2.} Ne8 11. Re1 Rc8 12. cxd5 {[%emt 0:01:35] The position is equal.} cxd5 13. Qb1 Nb8 14. Nf1 Nc6 {[%emt 0:00:00] [#]} 15. a3 $146 {[%emt 0:01:23][%cal Ba2a3,Ba3a4,Ba4b5][%mdl 32] Against Nb4} ({Predecessor:} 15. Bd2 Nc7 16. Ne3 Qd7 17. h4 h6 18. Ng4 h5 19. Ne3 Nb5 20. Nc2 {0-1 (55) Renman,N-Radulov,I (2515) Stockholm 1976}) 15... Na5 16. b4 Nc4 17. b5 Bb7 18. Ne3 a6 19. a4 axb5 20. axb5 Ra8 {[%emt 0:00:35] [#]} 21. Rxa8 (21. Ng5 $1 $14 Bxg5 22. Nxc4) 21... Qxa8 $11 22. Bf1 ({White should play} 22. Re2 $11) 22... Qa4 $15 23. Bd3 g6 $2 (23... h6 $15 {stays ahead.}) 24. h4 ({White must play} 24. Ng4 $1 $16) 24... h5 {[%emt 0:15:27] [#]} (24... Qb4 $11 {keeps the balance.}) 25. g4 (25. Ng2 $1 $16) 25... Nxe3 26. Bxe3 {[%emt 0:00:02] And now gxh5 would win.} hxg4 27. Ng5 (27. Nh2 $1 $14) 27... Ng7 $11 28. Bxg6 $2 fxg6 $19 29. Qxg6 Bxg5 30. Bxg5 (30. Qxg5 Qc2 31. Qxg4) 30... g3 ({Wrong is} 30... Rf7 $2 31. Be3 $19) 31. Bf6 $2 (31. Be3 gxf2+ 32. Bxf2) 31... gxf2+ 32. Kh2 Rf7 33. Bxg7 (33. Rf1 $19 Qxd4 34. Qg3) 33... f1=N+ (33... fxe1=Q 34. Bh6+ Kh8 35. Bg7+ Rxg7 36. Qh5+ Rh7 37. Qe8+ Kg7 38. Qe7+ Kg8 39. Qe8+ Kg7 40. Qe7+ Kg8 41. Qe8+ Kg7 $11) (33... Qc2 $142 34. Qxc2 fxe1=Q 35. Bf6 {[#]} Rxf6 $1 36. exf6 Qxh4+ 37. Kg2 Qe4+ 38. Qxe4 dxe4 39. Kg1 Kf7 40. Kf2 Bd5 41. Ke3 Kxf6 42. Kd2 Kg5 43. Ke3 Kf5 44. Kd2 Kf4 45. Ke2 e3 46. Ke1 Kf3 47. Kf1 e2+ 48. Ke1 Be4 49. d5 exd5 50. Kd2 Kf2 51. Kc1 e1=Q+ 52. Kb2 Qb4+ 53. Kc1 Qc3+ 54. Kd1 Bf3#) 34. Kh1 {[%emt 0:04:10] Threatening mate with Bf6+.} Ng3+ $1 ({And not} 34... Rxg7 35. Qe8+ Kh7 36. Qh5+ Kg8 37. Qe8+ Kh7 38. Qh5+ Kg8 39. Qe8+ $11) 35. Qxg3 {[%emt 0:02:40] White threatens Bf6+ and mate.} Rxg7 36. Qh3 Bc8 37. h5 Qxd4 38. h6 Rg4 (38... Rg5 $142 39. h7+ Kh8 40. Rf1 Qe4+ 41. Kh2 Qxe5+ 42. Kh1 Qe4+ 43. Kh2 Qe2+ 44. Kh1 Rh5 45. Rf8+ Kxh7 46. Qxh5+ Qxh5+ 47. Kg1 Bb7 48. Kf2 d4 49. Ke1 d3 50. Kd2 Qh6+ 51. Kxd3 Qxf8 52. Ke2 Qf4 53. Ke1 Qe3+ 54. Kd1 Qf2 55. Kc1 Be4 56. Kd1 Bf5 57. Kc1 Qc2#) 39. h7+ Kh8 {[%emt 0:00:07] Black mates.} 40. Rf1 Rh4 41. Rf8+ Kxh7 {[%emt 0:15:09] Weighted Error Value: White=0.98/Black=0.69} 0-1

[Event "GER-ch Youth-ODJM 2022"]
[Site "Willingen"]
[Date "2022.06.05"]
[Round "2.20"]
[White "Scherer, Josua"]
[Black "Dornieden, Jonas"]
[Result "1/2-1/2"]
[ECO "A12"]
[WhiteElo "1775"]
[BlackElo "2072"]
[Annotator "TA"]
[PlyCount "117"]
[EventDate "2022.06.05"]
[EventType "swiss"]
[EventRounds "9"]
[EventCountry "GER"]
[SourceTitle "playchess.com"]
[Source "ChessBase"]
[SourceQuality "1"]
[TimeControl "40/4500+30:900+30"]

1. c4 c6 2. g3 d5 3. Nf3 Nf6 4. b3 Bf5 5. Bb2 e6 6. Bg2 h6 7. O-O Be7 8. d3 O-O 9. Re1 {[%emt 0:00:00] [#] A12: English Opening: 1...c6 with b3 by White.} Qb6 $146 ({Predecessor:} 9... Bh7 10. Nbd2 Nbd7 11. Rc1 Re8 12. Rc2 Qa5 13. Qc1 Bf8 14. a3 Qb6 15. b4 a5 16. c5 Qc7 17. e4 dxe4 18. dxe4 axb4 19. axb4 {½-½ (54) Ponkratov,P (2608)-Goryachkina,A (2478) Khanty-Mansiysk 2017}) 10. Qc2 Bh7 11. Nbd2 Na6 12. Ne5 Rfd8 (12... Nb4 $5 13. Qc1 a5 $14) 13. a3 Rac8 14. b4 c5 15. b5 Nb8 16. a4 Qc7 17. Qb3 (17. a5 $14) 17... Nbd7 (17... d4 $5 18. Ndf3 Nbd7 19. Nxd7 Qxd7 $11) 18. Nxd7 Qxd7 19. cxd5 exd5 20. Nf3 (20. Rad1 $11) 20... Qe6 (20... c4 $15 21. dxc4 dxc4) 21. Rad1 Bf8 22. Ne5 (22. Bc3 $11) 22... Bd6 $15 23. e4 dxe4 ({Don't play} 23... Bxe5 24. exd5 Qd7 25. Rxe5 $16) (23... c4 $1 $15 {keeps the upper hand.} 24. dxc4 dxe4) 24. Qxe6 $16 fxe6 25. dxe4 Bxe5 26. Bxe5 Kf7 27. f3 Nd7 28. Bc3 {[%emt 0:04:43] White is much more active.} Nb6 {[%emt 0:00:51] [#]} 29. Ba5 {[%emt 0:03:02] A strong pair of Bishops.} (29. a5 $1 $16 Na4 30. Be5) 29... Ke7 ({Black should try} 29... Rd4 $14) 30. Rxd8 Rxd8 31. Rc1 Rc8 32. Bxb6 (32. Kf2 $16) 32... axb6 {[%emt 0:00:03][%mdl 4096] Endgame KRB-KRB} 33. e5 Ra8 34. f4 Rxa4 35. Bxb7 Rb4 ({Better is} 35... Bd3 $15) 36. Bc6 $11 Bd3 37. Rd1 Bxb5 38. Rd7+ $1 Kf8 39. Rd8+ Kf7 40. Rd7+ $1 Kf8 41. Rd8+ $1 Ke7 42. Rd7+ Ke8 43. Bxb5 Rxb5 44. Rxg7 {[%emt 0:00:00] KR-KR} c4 {[%emt 0:00:00] White must now prevent ...c3.} 45. Rc7 $1 Rb1+ (45... Rc5 $2 46. Rxc5 bxc5 47. Kf2 $18) 46. Kf2 b5 47. Rc5 Rb3 48. Ke2 {[%emt 0:02:20] [#]} (48. g4 $11) 48... c3 (48... h5 $1 $17) 49. Kd3 b4 50. Kc2 Rb2+ 51. Kc1 Rxh2 {[%emt 0:00:34] And now ...h5 would win.} 52. Rc4 $1 Rb2 {[%emt 0:00:33] aiming for ...h5.} 53. g4 Kd7 54. f5 exf5 55. gxf5 Rf2 (55... h5 $5 56. e6+ Kd6 57. Rd4+ Kc5 $17) 56. Rxb4 {[%emt 0:04:39] The position is equal.} Rxf5 57. Kc2 Rxe5 {Strongly threatening ...Rc5.} 58. Kxc3 h5 59. Kd3 {[%emt 0:00:14] Weighted Error Value: White=0.18 (very precise) /Black=0.18 (very precise)} 1/2-1/2

[Event "GER-ch Youth-ODJM 2022"]
[Site "Willingen"]
[Date "2022.06.05"]
[Round "2.21"]
[White "Schulz, Jannis"]
[Black "Frohnhaeuser, Simon"]
[Result "1/2-1/2"]
[ECO "D04"]
[WhiteElo "1810"]
[BlackElo "1939"]
[Annotator "TA"]
[PlyCount "98"]
[EventDate "2022.06.05"]
[EventType "swiss"]
[EventRounds "9"]
[EventCountry "GER"]
[SourceTitle "playchess.com"]
[Source "ChessBase"]
[SourceQuality "1"]
[TimeControl "40/4500+30:900+30"]

1. d4 Nf6 2. Nf3 d5 3. e3 c5 4. c3 Nc6 5. Bd3 Bg4 6. Nbd2 e6 7. O-O {[%emt 0:00:00] D05: Colle System with ...e6.} Be7 8. h3 Bh5 9. Be2 {[%emt 0:08:17] [#]} cxd4 $146 ({Predecessor:} 9... O-O 10. Ne5 Bxe2 11. Qxe2 Rc8 12. Ndf3 Nd7 13. Nxc6 Rxc6 14. e4 dxe4 15. Qxe4 Qb6 {1-0 (44) Kiseleva,A (2024)-Flores Quillas,D (2245) Chess.com INT 2020}) 10. exd4 Qc7 11. Re1 (11. Ne5 $5 Bxe2 12. Qxe2 $11) 11... O-O 12. Nh4 Bxe2 13. Qxe2 Bd6 14. Nhf3 Rac8 15. Nf1 Ne4 16. Ng5 Nxg5 17. Bxg5 Bf4 18. Qg4 Bxg5 19. Qxg5 b5 20. Ng3 Qe7 21. Qg4 Qf6 22. f4 g6 {[%emt 0:15:25] Prevents f5.} 23. a3 a5 24. Rf1 Ne7 {[%emt 0:06:11] Prevents f5.} 25. Rf2 (25. Nh5 $11 Qf5 26. Qh4) 25... Kh8 ({Better is} 25... b4 $17 26. axb4 axb4) 26. Qf3 Nc6 (26... b4 $15) 27. Ne2 $11 b4 28. axb4 axb4 29. Ra6 Qf5 {[%emt 0:01:23] aiming for ...Qb1+.} 30. Kh2 Nb8 ({Black should play} 30... Kg8 $15) 31. Rb6 {[%emt 0:01:35] The position is equal.} bxc3 32. bxc3 Nd7 33. Rb7 Rfd8 34. g4 Qf6 35. f5 Rb8 36. Rxb8 Rxb8 37. Nf4 gxf5 38. Nh5 Qg5 39. gxf5 Rg8 {[%emt 0:00:14][%csl Gg8][%cal Rg5g1] [#]} 40. Rg2 {[%emt 0:02:32] Against Qg1+} Qxg2+ (40... Qc1 {is interesting.} 41. Nf4 Rxg2+ 42. Nxg2 Qh6) 41. Qxg2 Rxg2+ 42. Kxg2 {[%emt 0:00:03][%mdl 4096] Endgame KN-KN} Kg8 43. Kf3 Kf8 44. Kg4 h6 45. Ng3 Nf6+ 46. Kf4 Ke7 47. fxe6 fxe6 48. h4 Kf7 49. Ke5 Ke7 {[%emt 0:00:00] Weighted Error Value: White=0.10 (very precise) /Black=0.08 (flawless)} 1/2-1/2

[Event "GER-ch Youth-ODJM 2022"]
[Site "Willingen"]
[Date "2022.06.05"]
[Round "2.22"]
[White "Matthes, Benjamin"]
[Black "Gallasch, Robin"]
[Result "0-1"]
[ECO "B14"]
[WhiteElo "1851"]
[BlackElo "2063"]
[Annotator "TA"]
[PlyCount "124"]
[EventDate "2022.06.05"]
[EventType "swiss"]
[EventRounds "9"]
[EventCountry "GER"]
[SourceTitle "playchess.com"]
[Source "ChessBase"]
[SourceQuality "1"]
[TimeControl "40/4500+30:900+30"]

1. e4 c6 2. d4 d5 3. exd5 cxd5 4. c4 Nf6 5. Nc3 g6 6. Qb3 Bg7 7. cxd5 O-O 8. Be2 Na6 9. Bf3 Qb6 10. Qxb6 axb6 11. Nge2 Nb4 12. O-O Rd8 13. d6 Rxd6 14. Bf4 Rd7 15. Rfd1 {[%emt 0:18:41] B14: Caro-Kann: Panov-Botvinnik Attack with 5...e6 and 5...g6.} Nbd5 {[%emt 0:11:33] was the old line (15...Nfd5).} 16. Be5 Rd8 17. Nxd5 {[%emt 0:15:43] White is slightly better.} Nxd5 18. Bxg7 Kxg7 19. Rac1 (19. Bxd5 $5 Rxd5 20. Nc3 $11) 19... Be6 20. a3 Rd7 {[%emt 0:05:16] [#]} 21. Nc3 $146 ({Predecessor:} 21. Rd2 h6 22. h3 Rad8 23. g4 Nf6 {½-½ (23) Stoffers,B (1526)-Berkley,S (1642) IECC email 2000}) 21... Ra5 22. g3 Nxc3 23. Rxc3 Bd5 24. Bg2 Bxg2 25. Kxg2 $11 {[%emt 0:00:16][%mdl 4096] Endgame KRR-KRR} Rad5 26. f4 {Against e5} f6 27. Rb3 b5 28. Rb4 e5 29. fxe5 fxe5 30. Kf3 exd4 31. Rd3 Kf6 32. Ke4 Re5+ 33. Kf3 Rf5+ 34. Ke4 Kg5 35. Rdxd4 Rxd4+ 36. Rxd4 {[%emt 0:02:19] KR-KR} Rf2 37. Rd5+ Kg4 38. Rxb5 Rxh2 39. Rxb7 {[%emt 0:00:33] [#] Threatens to win with a4.} Kxg3 40. b4 g5 {[%emt 0:01:46] Hoping for ...h5.} 41. a4 {[%emt 0:00:00][%cal Ba3a4,Ba4a5][%mdl 32] aiming for a5.} h5 42. a5 Ra2 43. Rb5 Kg4 {[%emt 0:00:00] And now ...h4 would win.} 44. Rd5 $2 {[%emt 0:01:36][%mdl 8192] Loses the game.} (44. Ke5 $11) 44... h4 $19 45. b5 Rxa5 {[%emt 0:08:32] Strongly threatening ...h3.} 46. b6 Ra8 (46... Ra1 $142 47. b7 Rb1) 47. Ke3 (47. b7 $142 Rb8 48. Rb5) 47... h3 {[%emt 0:03:09] ( -> ...h2)} 48. Kf2 Ra2+ {[%emt 0:00:37] Black mates.} 49. Kg1 Rb2 50. Rd4+ Kg3 51. Rd3+ {[%emt 0:00:27] [#]} Kh4 $1 52. Rd6 g4 53. Rd1 Rxb6 54. Kh2 Rb2+ 55. Kh1 Rb3 56. Kh2 g3+ 57. Kg1 Kg4 58. Rc1 Kf3 59. Rf1+ Ke2 60. Ra1 Rd3 61. Ra2+ Rd2 62. Ra1 Rd1+ {[%emt 0:00:20] Weighted Error Value: White=0.50/Black=0.12 (very precise)} 0-1

[Event "GER-ch Youth-ODJM 2022"]
[Site "Willingen"]
[Date "2022.06.06"]
[Round "3.1"]
[White "Nied, Pascal"]
[Black "Stelmaszyk, Nico"]
[Result "1/2-1/2"]
[ECO "B33"]
[WhiteElo "2008"]
[BlackElo "2293"]
[Annotator "TA"]
[PlyCount "134"]
[EventDate "2022.06.05"]
[EventType "swiss"]
[EventRounds "9"]
[EventCountry "GER"]
[SourceTitle "playchess.com"]
[Source "ChessBase"]
[SourceQuality "1"]
[TimeControl "40/4500+30:900+30"]

1. e4 c5 2. Nf3 e6 3. d4 cxd4 4. Nxd4 Nf6 5. Nc3 Nc6 6. Ndb5 d6 7. Bf4 e5 8. Bg5 a6 9. Na3 b5 10. Nd5 Be7 11. Bxf6 Bxf6 12. c4 b4 {[%emt 0:00:00] 12...0-0 is the fancy move.} 13. Nc2 a5 14. g3 {[%emt 0:00:00] B33: Sicilian: Pelikan and Sveshnikov Variations.} g6 {[%emt 0:00:00] 14...Bg5 is vanishing.} 15. Bg2 Bg7 16. O-O O-O 17. Nde3 {[%emt 0:00:00] [#]} Ra7 $146 ({Predecessor:} 17... Be6 18. Qd3 Qb6 19. b3 a4 20. Rfd1 Ra7 21. Rab1 axb3 22. axb3 Bh6 23. Ra1 Rfa8 24. Rxa7 Rxa7 {½-½ (29) Santorelli,A (2353)-Pravec,L (2351) ICCF email 2014}) 18. Qd3 Be6 19. b3 Qb6 20. Rad1 Rd7 21. Kh1 Ne7 22. f4 exf4 23. gxf4 {[%emt 0:07:15] [#] Black must now prevent f5.} f5 24. Nd4 Bxd4 25. Qxd4 Qxd4 26. Rxd4 fxe4 27. Bxe4 Rf6 28. Kg2 Ra7 29. Kg3 ({Much worse is} 29. Rxd6 {[#]} Bh3+ $1 30. Kxh3 Rxd6 31. Bd5+ Kg7 $17) 29... Ra6 30. Rfd1 Bc8 31. R1d2 {[%emt 0:05:59] White is more active.} Kg7 32. Bc2 Re6 33. Re4 (33. Kf2 {is more complex.} Bb7 34. Bd1 Rf6 35. Bg4) 33... Rxe4 34. Bxe4 Kf6 35. Kf3 Be6 36. Bd5 Bh3 37. Bb7 Rb6 38. Be4 Bc8 (38... Ra6 $11 {remains equal.}) 39. Nd5+ $16 Nxd5 40. Rxd5 {[%emt 0:00:23][%mdl 4096] Endgame KRB-KRB} ({But not} 40. cxd5 Rb5 $15) 40... Ra6 41. Rb5 Ra7 ({Black should play} 41... h5 $14) 42. Rb6 (42. h4 $16) 42... Ke7 43. Ke3 Bd7 44. Rb8 Kf6 45. Kd4 Rc7 (45... Be6 $16 {was necessary.}) 46. Rb7 $2 (46. Rf8+ $18 Kg7 47. Rd8) 46... Rxb7 $11 {[%emt 0:00:06] The position is equal.} 47. Bxb7 {[%emt 0:00:03] KB-KB} Ke7 48. Be4 Be6 49. c5 Kd7 $1 50. Bd5 Bf5 51. Kc4 dxc5 52. Kxc5 Bb1 $1 53. Kb5 Kd6 54. Bg8 h6 55. Kxa5 Kc5 56. h4 Bxa2 57. h5 gxh5 {[%emt 0:00:37][%cal Bg6h5,Bh5h4,Bh4h3,Bh3h2][%mdl 32] Strongly threatening ...h4.} 58. f5 h4 59. f6 {[%emt 0:00:48] Intending f7 and mate.} Kd6 (59... h3 60. f7 Kd4 61. f8=Q Ke5 62. Qg7+ Kf5 63. Qxh6 Kg4 64. Be6+ Kf3 65. Qxh3+ Kf4 66. Qh2+ Ke4 67. Qxa2) 60. Kxb4 h3 {Hoping for ...Bb1.} 61. Bd5 h2 (61... Kxd5 $2 62. f7 $18) 62. Bh1 Ke6 63. Kc3 Kxf6 64. Kb2 Bxb3 $1 65. Kxb3 Kf5 66. Kc3 Kf4 67. Kd2 Ke5 {[%emt 0:00:09] Weighted Error Value: White=0.15 (very precise) /Black=0.11 (very precise)} 1/2-1/2

[Event "GER-ch Youth-ODJM 2022"]
[Site "Willingen"]
[Date "2022.06.06"]
[Round "3.2"]
[White "Brinkmann, Fabian"]
[Black "Reimer, Philip"]
[Result "1/2-1/2"]
[ECO "B34"]
[WhiteElo "2145"]
[BlackElo "1977"]
[Annotator "TA"]
[PlyCount "82"]
[EventDate "2022.06.05"]
[EventType "swiss"]
[EventRounds "9"]
[EventCountry "GER"]
[SourceTitle "playchess.com"]
[Source "ChessBase"]
[SourceQuality "1"]
[TimeControl "40/4500+30:900+30"]

1. e4 c5 2. Nf3 Nc6 3. d4 cxd4 4. Nxd4 Nf6 5. Nc3 e5 6. Ndb5 d6 7. Nd5 Nxd5 8. exd5 Ne7 9. c4 Ng6 10. Be2 {[%emt 0:00:00] B33: Sicilian: Pelikan and Sveshnikov Variations.} (10. Qa4 $5 Bd7 11. Qb4 $11) 10... a6 11. Nc3 Be7 12. O-O O-O 13. Bd2 f5 {[%emt 0:00:00] [#]} 14. a4 $146 ({Predecessor:} 14. Kh1 e4 15. f4 exf3 16. gxf3 f4 17. Ne4 Bf5 18. Bd3 Ne5 19. Bc3 Bf6 20. Bxe5 Bxe5 {½-½ (39) Budde,V (2235)-Blaskowski,J Germany West 1980}) 14... e4 15. a5 Ne5 16. f4 exf3 $1 17. gxf3 f4 18. Kh1 g5 ({Better is} 18... Ng6 $11) 19. Rg1 $14 Kh8 20. Ne4 {[%emt 0:03:02][%cal Oc4c5] [#] c5! is the strong threat.} (20. Ra4 $5 ) 20... Bf5 21. Nf2 Bf6 22. Bc3 Nd7 (22... h6 $11) 23. Qd2 Be5 (23... Ne5 $14) 24. Bd3 $16 Qf6 (24... Rc8 $16 25. Bxf5 Rxf5) 25. Rac1 ({Only move:} 25. Bxf5 $18 Qxf5 26. Ne4) 25... Rac8 $2 (25... Bxc3 $14 26. Qxc3 Bxd3 27. Nxd3 h6) 26. b4 $2 (26. Bxf5 $18 Qxf5 27. Ne4) 26... Bxc3 $14 27. Qxc3 (27. Rxc3 $14 Qd4 28. Rd1 (28. Rxg5 $2 Ne5 $19)) 27... Qxc3 (27... Ne5 $5 28. Be2 (28. Bxf5 Rxc4 29. Qa1 Rxc1 $17) 28... h6 $11) 28. Rxc3 {[%emt 0:00:09] [#] And now Bxf5 would win.} Ne5 {[%emt 0:03:05] Threatens to win with ...Bxd3.} 29. Bxf5 Rxf5 30. Rgc1 h5 31. c5 (31. Ne4 $5 Nf7 32. Rd1 $14) 31... dxc5 32. bxc5 g4 33. fxg4 Nxg4 34. Nxg4 hxg4 $11 {[%emt 0:00:01][%mdl 4096] Endgame KRR-KRR} 35. Rd1 Kg7 36. Rc4 Kf7 {[%emt 0:00:57] The position is equal.} 37. d6 Ke6 (37... Rcxc5 $2 38. Rxc5 Rxc5 39. d7 $18) 38. c6 bxc6 39. d7 Rd8 40. Rxc6+ Ke7 41. Rxa6 Rxd7 {[%emt 0:00:00] Weighted Error Value: White=0.28 (precise) /Black=0.27 (precise)} 1/2-1/2